 Dungeon Crawl Stone Soup version 0.18-a0-79-gb542d04 (webtiles) character file.

1922 Duffy the Basher (level 9, -3/71 HPs)
             Began as a Formicid Hunter on Nov 13, 2015.
             Was a Follower of Trog.
             Slain by a killer bee (7 damage)
             ... on level 7 of the Dungeon.
             The game lasted 00:13:18 (8340 turns).

Duffy the Basher (Formicid Hunter)                  Turns: 8340, Time: 00:13:19

Health: -3/71      AC:  7    Str: 16    XL:     9   Next: 39%
Magic:  0/9        EV: 10    Int: 12    God:    Trog [*.....]
Gold:   355        SH:  5    Dex: 14    Spells: 0 memorised, 8 levels left

rFire  . . .     SeeInvis +     y - +0 flail
rCold  . . .     Clarity  .     t - +1 scale mail
rNeg   . . .     SustAt   .     k - +0 buckler
rPois  .         Gourm    .     (helmet unavailable)
rElec  .         Spirit   +     (no cloak)
rCorr  .         Warding  .     (no gloves)
rMut   .         Stasis   +     (no boots)
MR     .....                    q - amulet of guardian spirit
Stlth  ..........               (no ring)
                                (no ring)

@: lethally poisoned (-3 -> -6), starving, not resistant to hostile
enchantments, extremely unstealthy
A: permanent stasis, dig shafts and tunnels, four strong arms, antennae 3
a: Dig, Shaft Self, Burn Spellbooks, Renounce Religion


You were on level 7 of the Dungeon.
You worshipped Trog.
Trog was aware of your devotion.
You were starving.

You visited 1 branch of the dungeon, and saw 7 of its levels.
You also visited: Ossuary.

You collected 355 gold pieces.


Innate Abilities, Weirdness & Mutations

You are under a permanent stasis effect.
You can dig through walls and to a lower floor.
Your four strong arms can wield two-handed weapons with a shield.
You have a pair of large antennae on your head (SInv).


   Skills:
 + Level 6.4 Fighting
 + Level 8.9 Maces & Flails
 - Level 3.2 Throwing
 + Level 3.5 Armour
 - Level 2.2 Dodging
 - Level 1.2 Stealth
 - Level 3.4 Shields


You had 8 spell levels left.
You didn't know any spells.

Inventory:

Hand Weapons
 y - a +0 flail (weapon)
Missiles
 a - 6 javelins
 b - 2 throwing nets
 c - 5 poisoned tomahawks (quivered)
 g - 45 poisoned needles
Armour
 d - a +0 leather armour
 f - a +0 chain mail
 k - a +0 buckler (worn)
 t - a +1 scale mail (worn)
 C - a +0 ring mail
 D - a +0 large shield
Jewellery
 j - an uncursed amulet of clarity
 q - an amulet of guardian spirit (around neck)
Wands
 n - a wand of magic darts (26)
 o - a wand of slowing (34)
Scrolls
 l - 4 scrolls of remove curse {unknown}
 s - 2 scrolls of recharging {unknown}
 w - 2 scrolls of amnesia {unknown}
 x - a scroll of random uselessness {unknown}
 E - 2 scrolls of enchant armour
 H - 2 scrolls of enchant weapon {unknown}
Potions
 h - 3 potions of might
 m - a potion of ambrosia {unknown}
 p - a potion of haste {unknown}
 r - 4 potions of curing
 u - a potion of invisibility {unknown}
 v - a potion of brilliance
 A - a potion of resistance
 B - 4 potions of agility {unknown}
 F - a potion of mutation {unknown}
Comestibles
 e - 4 bread rations
 i - 4 beef jerkies
 z - a meat ration

Dungeon Overview and Level Annotations

Branches:
Dungeon (7/15)             Temple (0/1) D:6

Altars:
Ashenzari
Cheibriados
Dithmenos
Elyvilon
Okawaru
Ru
Trog
Vehumet
Xom
Yredelemnul

Annotations:
D:5 Conn321's ghost, novice OpCj


Message History

You feel sick.
The killer bee stings you but does no damage.
The killer bee closely misses you.
You sock the killer bee!
The killer bee is heavily wounded.
You feel sick. The killer bee barely misses you.
You block the killer bee's attack.
You miss the killer bee.
The killer bee is heavily wounded.
You feel sick.
The killer bee stings you but does no damage.
The killer bee stings you.
You thump the killer bee!
The killer bee is almost dead.
The killer bee misses you. The killer bee closely misses you.
You barely miss the killer bee.
The killer bee is almost dead.
You are starving!
You feel sick. You block the killer bee's attack. The killer bee stings you.
You miss the killer bee.
The killer bee is almost dead.
You feel sick. The killer bee stings you.
The killer bee stings you but does no damage.
You miss the killer bee.
The killer bee is almost dead.
You feel sick.
The killer bee stings you but does no damage.
You hit the killer bee.
You kill the killer bee!
Trog accepts your kill.
The killer bee stings you but does no damage.
You barely miss the killer bee.
You feel sick. The killer bee stings you. The killer bee stings you.
You miss the killer bee. The killer bee stings you!
You die...

#.# # #.# #########
.####.#.# #........
....[.#.###
#.#######
?........)########.#
#####..)..((.....#
###)########## #y#
#@# #.#
#......†.....#
#######$####.# #.#
#.# #.# #.# ..#
#####


You could see a killer bee.

Action                   |  1- 3 |  4- 6 |  7- 9 || total
-------------------------+-------+-------+-------++-------
Melee: Short sword       |   150 |    57 |       ||   207
       Flail             |       |   160 |   363 ||   523
Throw: Tomahawk          |       |    29 |     7 ||    36
       Javelin           |       |     1 |     3 ||     4
 Abil: Dig               |       |     2 |     2 ||     4
  Use: Scroll            |       |     3 |     5 ||     8
       Potion            |       |       |     5 ||     5
 Stab: Sleeping          |     1 |     1 |       ||     2
  Eat: Chunk             |     4 |     8 |    11 ||    23

Notes
Turn   | Place    | Note
--------------------------------------------------------------
     0 | D:1      | Duffy the Formicid Hunter began the quest for the Orb.
     0 | D:1      | Reached XP level 1. HP: 16/16 MP: 1/1
    35 | D:1      | Reached skill level 2 in Dodging
   479 | D:1      | Reached XP level 2. HP: 21/23 MP: 2/2
   854 | D:1      | Reached skill level 3 in Fighting
  1071 | D:1      | Reached XP level 3. HP: 27/29 MP: 3/3
  1654 | D:2      | Found a white marble altar of Elyvilon.
  1987 | D:1      | Reached skill level 4 in Fighting
  1987 | D:1      | Reached XP level 4. HP: 29/37 MP: 4/4
  2464 | D:2      | Found a shattered altar of Ashenzari.
  2466 | D:2      | Found a shimmering altar of Xom.
  2694 | D:2      | Found a basalt altar of Yredelemnul.
  2769 | D:3      | Reached XP level 5. HP: 39/43 MP: 5/5
  2877 | D:3      | Reached skill level 5 in Fighting
  2972 | D:3      | Found a sacrificial altar of Ru.
  2989 | D:3      | Reached skill level 1 in Maces & Flails
  3057 | D:3      | Found a snail-covered altar of Cheibriados.
  3249 | D:3      | Reached skill level 2 in Maces & Flails
  3406 | D:3      | Reached XP level 6. HP: 51/51 MP: 6/6
  3545 | D:3      | Reached skill level 3 in Maces & Flails
  4085 | D:4      | Found an iron altar of Okawaru.
  4098 | D:4      | Reached skill level 1 in Shields
  4135 | D:4      | Found a sand-covered staircase.
  4141 | Ossuary  | Entered an ossuary
  4437 | D:4      | Reached skill level 4 in Maces & Flails
  4437 | D:4      | Reached skill level 2 in Shields
  4588 | D:4      | Found a radiant altar of Vehumet.
  4617 | D:4      | Reached XP level 7. HP: 23/56 MP: 3/7
  4899 | D:4      | Found a bloodstained altar of Trog.
  4964 | D:4      | Became a worshipper of Trog the Wrathful
  5306 | D:5      | Entered Level 5 of the Dungeon
  5323 | D:5      | Reached skill level 3 in Shields
  5508 | D:5      | Reached skill level 5 in Maces & Flails
  5953 | D:5      | Reached skill level 6 in Maces & Flails
  5953 | D:5      | Reached XP level 8. HP: 27/62 MP: 3/8
  6618 | D:5      | Noticed Conn321's ghost (novice OpCj)
  6840 | D:6      | Reached skill level 7 in Maces & Flails
  6916 | D:6      | Found a staircase to the Ecumenical Temple.
  7073 | D:6      | Reached * piety under Trog
  7133 | D:6      | Reached skill level 8 in Maces & Flails
  7404 | D:7      | Found a shadowy altar of Dithmenos.
  7480 | D:7      | Reached skill level 1 in Armour
  7492 | D:7      | Reached XP level 9. HP: 16/68 MP: 1/9
  7503 | D:7      | Reached skill level 2 in Armour
  7994 | D:7      | Reached skill level 6 in Fighting
  7994 | D:7      | Reached skill level 3 in Armour
  8340 | D:7      | Slain by a killer bee

Vault maps used:
D:1:      moated_graveyard_arrival
D:2:      kennysheep_ying_yang, nicolae_overflow_hidden_temple, first_bread
D:3:      cheibriados_altar_1, nicolae_ru_awakened_eye
D:4:      vehumet_crystals, bloody_trog, lemuel_doored_altar,
          lightli_ossuary_entry_decrepit_ruins
D:6:      minmay_temple_entry_glass
D:7:      grunt_dithmenos_smoke
Ossuary:  ossuary_tomb_3

Vanquished Creatures
  A black bear
  An ice beast
  4 ogres
  A phantom
  2 centaurs
  2 big kobolds
  A giant frog
  6 killer bees
  3 crimson imps
  A centaur zombie
  3 hounds
  An orc priest
  An iguana
  3 orc wizards
  A worker ant
  2 mummies
  A worker ant zombie
  4 gnolls
  10 adders
  A shadow imp
  An ooze
  2 worms
  5 giant geckos
  21 orcs
  2 ball pythons
  15 bats
  4 giant cockroaches
  A gnoll zombie
  2 goblins
  3 hobgoblins
  15 jackals
  10 kobolds
  A quokka
  A giant gecko zombie
  6 giant newts
  2 hobgoblin zombies
  A jackal zombie
  2 kobold zombies
  An orc zombie
  A quokka skeleton
  A quokka zombie
  8 rats
154 creatures vanquished.
